[Event "FIDE Chesscom Grand Swiss 2019"]
[Site "Douglas-Isle of Man"]
[Date "2019.10.21"]
[Round "11.7"]
[White "Nabaty, Tamir"]
[Black "Narayanan.S.L"]
[Result "0-1"]
[ECO "A48"]
[WhiteElo "2658"]
[BlackElo "2611"]
[Annotator "RC"]
[PlyCount "80"]
[EventDate "2019.10.10"]
[EventType "swiss"]
[EventCountry "GBR"]
[SourceTitle "playchess.com"]
[Source "ChessBase"]
[SourceQuality "1"]
[TimeControl "40/6000+30:20/3000+30:900+30"]

1. Nf3 Nf6 2. b3 g6 3. Bb2 Bg7 4. d4 O-O 5. Nbd2 d5 6. c4 dxc4 7. Nxc4 c5 8. dxc5 Na6 9. c6 b5 10. Ncd2 Nb4 11. e3 Bf5 12. Nd4 Nfd5 13. Rc1 Nf4 14. exf4 Bxd4 15. c7 Qd5 16. Bxd4 Qxd4 17. Bxb5 Bd3 18. Bc4 Nxa2 19. Bxd3 Nxc1 20. Qxc1 Qxd3 21. h4 Rac8 22. Rh3 Qf5 23. Rc3 Qxf4 24. g3 Qf5 25. Rc4 f6 26. Ne4 Qd5 27. Ke2 Rf7 28. Qe3 Qe6 29. h5 gxh5 30. Qh6 Qe5 31. Qd2 Qe6 32. Kf1 Kg7 33. Qd4 Qb6 34. Qd7 Qxb3 35. Rc1 Rxc7 36. Qxc7 Qd3+ 37. Kg1 Qxe4 38. Qb8 h4 39. gxh4 Kh6 40. Rc8 Rg7+ 0-1

[Event "FIDE Chesscom Grand Swiss 2019"]
[Site "Douglas-Isle of Man"]
[Date "2019.10.21"]
[Round "11.9"]
[White "Erdos, Viktor"]
[Black "Movsesian, Sergei"]
[Result "1/2-1/2"]
[ECO "D38"]
[WhiteElo "2604"]
[BlackElo "2654"]
[Annotator "RC"]
[PlyCount "44"]
[EventDate "2019.10.10"]
[EventType "swiss"]
[EventCountry "GBR"]
[SourceTitle "playchess.com"]
[Source "ChessBase"]
[SourceQuality "1"]
[TimeControl "40/6000+30:20/3000+30:900+30"]

1. d4 Nf6 2. c4 e6 3. Nf3 d5 4. Nc3 Bb4 5. Qb3 c5 6. dxc5 Nc6 7. Bg5 Qa5 8. Bxf6 dxc4 9. Qxc4 gxf6 10. Rc1 Qxc5 11. Qh4 Ke7 12. g3 Bxc3+ 13. bxc3 b6 14. Bg2 Bb7 15. O-O Rac8 16. Rfd1 h5 17. Ne1 Qg5 18. Qa4 Qa5 19. Qf4 Qe5 20. Qa4 Qa5 21. Qf4 Qe5 22. Qa4 Qa5 1/2-1/2

[Event "FIDE Chesscom Grand Swiss 2019"]
[Site "Douglas-Isle of Man"]
[Date "2019.10.21"]
[Round "11.15"]
[White "Bluebaum, Matthias"]
[Black "Harika, Dronavalli"]
[Result "1/2-1/2"]
[ECO "D45"]
[WhiteElo "2643"]
[BlackElo "2495"]
[Annotator "RC"]
[PlyCount "64"]
[EventDate "2019.10.10"]
[EventType "swiss"]
[EventCountry "GBR"]
[SourceTitle "playchess.com"]
[Source "ChessBase"]
[SourceQuality "1"]
[TimeControl "40/6000+30:20/3000+30:900+30"]

1. d4 d5 2. c4 e6 3. Nc3 c6 4. e3 Nf6 5. Nf3 Nbd7 6. Be2 Bd6 7. O-O O-O 8. a4 a5 9. Qc2 b6 10. e4 dxe4 11. Nxe4 Nxe4 12. Qxe4 Bb7 13. Rd1 Qe7 14. Bf4 Bxf4 15. Qxf4 Rfd8 16. c5 Rdc8 17. Ne5 Nxe5 18. dxe5 Ba6 19. Bxa6 Rxa6 20. Rd6 bxc5 21. Rad1 Rb6 22. Qc1 h6 23. Qxc5 Rxb2 24. Qxa5 Qh4 25. g3 Qe4 26. Qc3 Rc2 27. Qd3 Qxd3 28. R1xd3 Ra2 29. R3d4 Ra8 30. Rxc6 R2xa4 31. Rd7 R4a7 32. Rc8+ Rxc8 1/2-1/2

[Event "FIDE Chesscom Grand Swiss 2019"]
[Site "Douglas-Isle of Man"]
[Date "2019.10.21"]
[Round "11.16"]
[White "Jumabayev, Rinat"]
[Black "Kashlinskaya, Alina"]
[Result "1-0"]
[ECO "A22"]
[WhiteElo "2630"]
[BlackElo "2481"]
[Annotator "RC"]
[PlyCount "113"]
[EventDate "2019.10.10"]
[EventType "swiss"]
[EventCountry "GBR"]
[SourceTitle "playchess.com"]
[Source "ChessBase"]
[SourceQuality "1"]
[TimeControl "40/6000+30:20/3000+30:900+30"]

1. c4 e5 2. e3 Nf6 3. Nc3 Bb4 4. Nge2 O-O 5. Nd5 Nxd5 6. cxd5 d6 7. a3 Ba5 8. Nc3 Nd7 9. b4 Bb6 10. Na4 f5 11. Be2 Nf6 12. Qb3 Bd7 13. Nxb6 axb6 14. O-O Qe7 15. Bb2 Qf7 16. f4 Rae8 17. fxe5 dxe5 18. Rac1 c6 19. b5 Kh8 20. a4 Qxd5 21. Qxd5 Nxd5 22. Bc4 Nc7 23. Bb3 e4 24. g4 fxg4 25. Be5 Be6 26. Rxf8+ Rxf8 27. Bd1 Nd5 28. bxc6 bxc6 29. Rxc6 Re8 30. Bd4 h5 31. Be2 Bf7 32. Bc4 Re7 33. Rd6 Nf6 34. Bb5 Nd5 35. Bxb6 Nxb6 36. Rxb6 Ra7 37. Bc6 Bg6 38. Rb7 Ra5 39. Bb5 Kh7 40. Rb6 Ra8 41. Bc6 Rd8 42. Rb2 Rc8 43. Rc2 Rb8 44. Kg2 Rb1 45. Rc4 Rb2 46. Rd4 Rc2 47. Bd7 Ra2 48. Kg3 Kh6 49. Kf4 Ra1 50. Bb5 Rg1 51. a5 h4 52. Rd6 Kh7 53. Bd7 g3 54. hxg3 hxg3 55. a6 Rf1+ 56. Kxg3 Bf5 57. a7 1-0

[Event "FIDE Chesscom Grand Swiss 2019"]
[Site "Douglas-Isle of Man"]
[Date "2019.10.21"]
[Round "11.17"]
[White "Alekseev, Evgeny"]
[Black "Baron, Tal"]
[Result "1/2-1/2"]
[ECO "A36"]
[WhiteElo "2629"]
[BlackElo "2531"]
[Annotator "RC"]
[PlyCount "56"]
[EventDate "2019.10.10"]
[EventType "swiss"]
[EventCountry "GBR"]
[SourceTitle "playchess.com"]
[Source "ChessBase"]
[SourceQuality "1"]
[TimeControl "40/6000+30:20/3000+30:900+30"]

1. c4 c5 2. g3 g6 3. Bg2 Bg7 4. Nc3 Nc6 5. d3 d6 6. e3 e6 7. Nge2 Nge7 8. O-O O-O 9. a3 a6 10. Rb1 Rb8 11. b4 cxb4 12. axb4 b5 13. cxb5 axb5 14. d4 d5 15. Nf4 Nf5 16. Nd3 Nd6 17. Qb3 Re8 18. Nc5 Re7 19. Ra1 Bd7 20. Ra6 Be8 21. Bb2 Ra8 22. Rfa1 Rea7 23. Rxa7 Rxa7 24. Rxa7 Nxa7 25. Bc1 Qb6 26. Bb2 Qd8 27. Bc1 Qb6 28. Bb2 Qd8 1/2-1/2

[Event "FIDE Chesscom Grand Swiss 2019"]
[Site "Douglas-Isle of Man"]
[Date "2019.10.21"]
[Round "11.20"]
[White "Demchenko, Anton"]
[Black "Vovk, Andriy"]
[Result "1-0"]
[ECO "B31"]
[WhiteElo "2655"]
[BlackElo "2618"]
[Annotator "RC"]
[PlyCount "63"]
[EventDate "2019.10.10"]
[EventType "swiss"]
[EventCountry "GBR"]
[SourceTitle "playchess.com"]
[Source "ChessBase"]
[SourceQuality "1"]
[TimeControl "40/6000+30:20/3000+30:900+30"]

1. e4 c5 2. Nf3 Nc6 3. Bb5 g6 4. O-O Bg7 5. Re1 e5 6. Bxc6 bxc6 7. c3 d6 8. d4 cxd4 9. cxd4 exd4 10. Nxd4 Bb7 11. Nc3 Nf6 12. e5 dxe5 13. Rxe5+ Kf8 14. Bg5 h6 15. Bh4 Kg8 16. Nf3 g5 17. Bg3 Nd5 18. Nxd5 cxd5 19. Re1 d4 20. Be5 d3 21. Re3 Ba6 22. Qa4 Qb6 23. Rd1 Rc8 24. h4 Qc6 25. Qg4 h5 26. Qf5 g4 27. Ng5 Qb7 28. Bxg7 Kxg7 29. Re6 Bc4 30. Qf6+ Kg8 31. Nxf7 Bxe6 32. Qxh8+ 1-0

[Event "FIDE Chesscom Grand Swiss 2019"]
[Site "Douglas-Isle of Man"]
[Date "2019.10.21"]
[Round "11.23"]
[White "Piorun, Kacper"]
[Black "Keymer, Vincent"]
[Result "1-0"]
[ECO "B42"]
[WhiteElo "2643"]
[BlackElo "2506"]
[Annotator "RC"]
[PlyCount "89"]
[EventDate "2019.10.10"]
[EventType "swiss"]
[EventCountry "GBR"]
[SourceTitle "playchess.com"]
[Source "ChessBase"]
[SourceQuality "1"]
[TimeControl "40/6000+30:20/3000+30:900+30"]

1. e4 c5 2. Nf3 e6 3. d4 cxd4 4. Nxd4 a6 5. Bd3 Bc5 6. Nb3 Ba7 7. O-O Ne7 8. Qe2 Nbc6 9. Be3 O-O 10. Rd1 d6 11. c4 e5 12. Bxa7 Rxa7 13. Qe3 Ra8 14. Nc3 Be6 15. Bf1 Qb8 16. Rd2 a5 17. Rad1 a4 18. Na1 Nd4 19. Nc2 Nec6 20. Nb5 Nxb5 21. cxb5 Na5 22. Qa3 Qc7 23. Nb4 Rfc8 24. Rc2 Qd8 25. Rxc8 Rxc8 26. Qxa4 Nc4 27. Nd3 f6 28. Qb4 Kf7 29. b3 Nb6 30. f4 Bg4 31. Rd2 Qc7 32. f5 Ke7 33. a4 Bh5 34. Nb2 Bf7 35. a5 Nd7 36. Na4 Nc5 37. Nb6 Rd8 38. Nd5+ Bxd5 39. Rxd5 g6 40. Qc4 Rc8 41. Rd1 Qd7 42. Qd5 gxf5 43. exf5 Qxf5 44. Bc4 Qe6 45. Qd2 1-0

[Event "FIDE Chesscom Grand Swiss 2019"]
[Site "Douglas-Isle of Man"]
[Date "2019.10.21"]
[Round "11.29"]
[White "Erenberg, Ariel"]
[Black "Gonzalez Vidal, Yuri"]
[Result "1-0"]
[ECO "A13"]
[WhiteElo "2463"]
[BlackElo "2552"]
[Annotator "ChessBase"]
[PlyCount "85"]
[EventDate "2019.10.10"]
[EventType "swiss"]
[EventCountry "GBR"]
[SourceTitle "playchess.com"]
[Source "ChessBase"]
[SourceQuality "1"]
[TimeControl "40/6000+30:20/3000+30:900+30"]

1. Nf3 Nf6 2. c4 e6 3. g3 d5 4. Bg2 dxc4 5. Qa4+ Bd7 6. Qxc4 c5 7. Ne5 Qc8 8. Qd3 Nc6 9. Nxd7 Nxd7 10. Nc3 a6 11. O-O Be7 12. b3 O-O 13. Bb2 Qc7 14. Rac1 Rfd8 15. Rfd1 Rac8 16. Qb1 Qb8 17. e3 Qa7 18. Ne4 f5 19. Nc3 Bf6 20. Ne2 Bxb2 21. Qxb2 Nf8 22. Qa3 b6 23. d4 Ne7 24. dxc5 Rxd1+ 25. Rxd1 Rxc5 26. Nd4 Rc7 27. b4 b5 28. Qa5 e5 29. Nb3 e4 30. Nc5 Nc6 31. Qa3 a5 32. Qb3+ Kh8 33. a3 axb4 34. axb4 h6 35. Rd5 Qa1+ 36. Bf1 Qf6 37. Bxb5 Ne5 38. Be2 Ra7 39. Rd1 g5 40. b5 Nfd7 41. Nxd7 Nxd7 42. Qd5 g4 43. Bc4 1-0

[Event "FIDE Chesscom Grand Swiss 2019"]
[Site "Douglas-Isle of Man"]
[Date "2019.10.21"]
[Round "11.30"]
[White "Najer, Evgeniy"]
[Black "Eljanov, Pavel"]
[Result "1/2-1/2"]
[ECO "C65"]
[WhiteElo "2635"]
[BlackElo "2663"]
[Annotator "RC"]
[PlyCount "191"]
[EventDate "2019.10.10"]
[EventType "swiss"]
[EventCountry "GBR"]
[SourceTitle "playchess.com"]
[Source "ChessBase"]
[SourceQuality "1"]
[TimeControl "40/6000+30:20/3000+30:900+30"]

1. e4 e5 2. Nf3 Nc6 3. Bb5 Nf6 4. d3 Bc5 5. c3 d5 6. Nbd2 dxe4 7. dxe4 O-O 8. O-O a5 9. Ba4 Qe7 10. Qe2 Rb8 11. a3 Nh5 12. b4 Nf4 13. Qd1 b5 14. Bb3 axb4 15. axb4 Bb6 16. Bd5 Qf6 17. Nb3 Ne7 18. Bxf4 Qxf4 19. Nc5 Qf6 20. Qe2 c6 21. Bb3 Ng6 22. g3 Qe7 23. Qe3 Kh8 24. h4 Kg8 25. h5 Nh8 26. Nh4 Be6 27. Nf5 Qf6 28. Bc2 g6 29. Qh6 Bxf5 30. exf5 Bxc5 31. bxc5 Qg7 32. Qxg7+ Kxg7 33. Ra6 gxh5 34. Rd1 Rfc8 35. Rd6 b4 36. cxb4 Rxb4 37. Raxc6 Ra8 38. Bd1 h4 39. gxh4 Rxh4 40. Rd3 Rf4 41. Bc2 Ra1+ 42. Kg2 Rc1 43. Rc3 e4 44. Rd6 Rxf5 45. Rd1 Rxd1 46. Bxd1 Ng6 47. c6 Rg5+ 48. Kh2 Ne7 49. c7 Rd5 50. Bc2 Rd2 51. Kg1 f5 52. Rc6 Nc8 53. Bb3 Rd6 54. Rc5 Kf6 55. Bg8 Rd7 56. Bd5 Ne7 57. Bb7 Rd1+ 58. Kg2 Rd2 59. Kf1 Rd3 60. Ke2 Rf3 61. Rc6+ Ke5 62. c8=Q Nxc8 63. Bxc8 Kf4 64. Rh6 Rc3 65. Bd7 e3 66. Rh4+ Kg5 67. Rxh7 exf2 68. Kxf2 Rc7 69. Ke3 Ra7 70. Kd4 Kf4 71. Rf7 Kg3 72. Rg7+ Kf4 73. Kc4 Ke5 74. Kc5 Rc7+ 75. Kb6 Kf6 76. Rh7 Rc1 77. Rh5 Rf1 78. Bb5 Rb1 79. Kc5 Ke5 80. Rh8 Rd1 81. Bc4 Kf4 82. Bb3 Rd2 83. Kc4 Rd7 84. Rf8 Rc7+ 85. Kd4 Rd7+ 86. Bd5 Ra7 87. Rh8 Ra1 88. Bc4 Ra4 89. Rh1 Ra3 90. Rb1 Ra4 91. Rf1+ Kg5 92. Kd5 Ra3 93. Rd1 Re3 94. Bd3 Kf6 95. Bc4 Re4 96. Rg1 1/2-1/2

[Event "FIDE Chesscom Grand Swiss 2019"]
[Site "Douglas-Isle of Man"]
[Date "2019.10.21"]
[Round "11.33"]
[White "Danielian, Elina"]
[Black "Lei, Tingjie"]
[Result "0-1"]
[ECO "E54"]
[WhiteElo "2385"]
[BlackElo "2469"]
[Annotator "ChessBase"]
[PlyCount "98"]
[EventDate "2019.10.10"]
[EventType "swiss"]
[EventCountry "GBR"]
[SourceTitle "playchess.com"]
[Source "ChessBase"]
[SourceQuality "1"]
[TimeControl "40/6000+30:20/3000+30:900+30"]

1. d4 Nf6 2. c4 e6 3. Nc3 Bb4 4. e3 d5 5. Nf3 O-O 6. Bd3 c5 7. O-O cxd4 8. exd4 dxc4 9. Bxc4 b6 10. Bg5 Bb7 11. Rc1 Nbd7 12. Bd3 Rc8 13. Bb1 Be7 14. Qd3 g6 15. h4 a6 16. a4 b5 17. axb5 axb5 18. b4 Nb6 19. Ba2 Ra8 20. Qe2 Nfd5 21. Bxd5 Nxd5 22. Bh6 Re8 23. h5 Nxc3 24. Rxc3 Bxf3 25. Rxf3 Qxd4 26. Rd1 Ra1 27. Rfd3 Rxd1+ 28. Rxd1 Qc4 29. Qb2 f6 30. hxg6 hxg6 31. Bd2 Kf7 32. Rc1 Qd5 33. Be3 Rh8 34. Qe2 Qe5 35. Qf3 Rh4 36. Qb7 Qd5 37. Qxd5 exd5 38. f4 Bxb4 39. Rb1 Bc3 40. Rxb5 d4 41. Bc1 Ke6 42. Kf2 Rh1 43. f5+ gxf5 44. Bf4 d3 45. Rb6+ Kd5 46. Rd6+ Ke4 47. g3 Rh2+ 48. Kg1 Ra2 49. Kf1 Be5 0-1

[Event "FIDE Chesscom Grand Swiss 2019"]
[Site "Douglas-Isle of Man"]
[Date "2019.10.21"]
[Round "11.35"]
[White "Boruchovsky, Avital"]
[Black "Ushenina, Anna"]
[Result "1/2-1/2"]
[ECO "D02"]
[WhiteElo "2533"]
[BlackElo "2431"]
[Annotator "ChessBase"]
[PlyCount "83"]
[EventDate "2019.10.10"]
[EventType "swiss"]
[EventCountry "GBR"]
[SourceTitle "playchess.com"]
[Source "ChessBase"]
[SourceQuality "1"]
[TimeControl "40/6000+30:20/3000+30:900+30"]

1. Nf3 d5 2. g3 Bg4 3. Bg2 c6 4. O-O Nd7 5. d4 e6 6. Nbd2 Ngf6 7. Re1 Be7 8. e4 dxe4 9. Nxe4 Nxe4 10. Rxe4 Bf5 11. Re1 O-O 12. c3 a5 13. Bf4 Qb6 14. Qe2 Qa6 15. c4 Nf6 16. h3 Rad8 17. g4 Bg6 18. Rad1 h6 19. a3 a4 20. Ne5 Bh7 21. h4 Nd7 22. Nf3 Rfe8 23. Bc7 Rc8 24. Bg3 Qa5 25. Qe3 Bg6 26. Bf4 h5 27. g5 Rcd8 28. Qe2 Qf5 29. Bg3 Qc2 30. Rd2 Qb3 31. Rc1 Qb6 32. Rc3 Bf5 33. Nh2 g6 34. Re3 Qa6 35. Bc7 Rc8 36. Bf4 Nb6 37. Rc3 Bf8 38. Nf1 Bg4 39. Qd3 Bf5 40. Qe2 Bg4 41. Qd3 Bf5 42. Qe2 1/2-1/2

[Event "FIDE Chesscom Grand Swiss 2019"]
[Site "Douglas-Isle of Man"]
[Date "2019.10.21"]
[Round "11.36"]
[White "Rakotomaharo, Fy Antenaina"]
[Black "Atalik, Ekaterina"]
[Result "1-0"]
[ECO "B10"]
[WhiteElo "2428"]
[BlackElo "2464"]
[Annotator "ChessBase"]
[PlyCount "65"]
[EventDate "2019.10.10"]
[EventType "swiss"]
[EventCountry "GBR"]
[SourceTitle "playchess.com"]
[Source "ChessBase"]
[SourceQuality "1"]
[TimeControl "40/6000+30:20/3000+30:900+30"]

1. e4 c6 2. Nf3 d5 3. d3 Bg4 4. h3 Bxf3 5. Qxf3 e6 6. g3 Nd7 7. Bg2 Ngf6 8. Qe2 Qc7 9. Nd2 O-O-O 10. O-O h5 11. Nf3 Bd6 12. c3 Nh7 13. b4 dxe4 14. Qxe4 h4 15. Qxh4 g5 16. Qd4 Nb6 17. Qe3 Rhg8 18. Bd2 g4 19. hxg4 Rxg4 20. Qh6 Rh8 21. c4 Bf8 22. Qh5 Rgg8 23. Bf4 Qe7 24. Qe5 Kd8 25. Qb8+ Nc8 26. b5 c5 27. Ne5 Ng5 28. Bxg5 Rxg5 29. Bxb7 Qc7 30. Qxc7+ Kxc7 31. Nxf7 Rg7 32. Nxh8 Kxb7 33. Rae1 1-0

[Event "FIDE Chesscom Grand Swiss 2019"]
[Site "Douglas-Isle of Man"]
[Date "2019.10.21"]
[Round "11.39"]
[White "Sebag, Marie"]
[Black "Allen, Keith"]
[Result "1-0"]
[ECO "B12"]
[WhiteElo "2445"]
[BlackElo "2161"]
[Annotator "NA"]
[PlyCount "57"]
[EventDate "2019.10.10"]
[EventType "swiss"]
[EventCountry "GBR"]
[SourceTitle "playchess.com"]
[Source "ChessBase"]
[SourceQuality "1"]
[TimeControl "40/6000+30:20/3000+30:900+30"]

1. e4 c6 2. d4 d5 3. e5 Bf5 4. Nf3 e6 5. Be2 Ne7 6. O-O c5 7. c4 Nbc6 8. dxc5 d4 9. Qb3 Ng6 10. Qxb7 Qc8 11. Qxc8+ Rxc8 12. a3 a5 13. b4 axb4 14. axb4 Nxb4 15. Nxd4 Bxc5 16. Nxf5 exf5 17. Ra4 Nxe5 18. Ba3 Rb8 19. Ra5 Bd6 20. Rd1 Nec6 21. Rxf5 Be7 22. Nc3 O-O 23. Nd5 Rfe8 24. Nxe7+ Nxe7 25. Rb5 Nbc6 26. Bf3 Rbd8 27. Rxd8 Nxd8 28. Kf1 Nc8 29. Rb8 1-0

[Event "FIDE Chesscom Grand Swiss 2019"]
[Site "Douglas-Isle of Man"]
[Date "2019.10.21"]
[Round "11.40"]
[White "Dahl, Baard"]
[Black "Clarke, Brandon G I"]
[Result "0-1"]
[ECO "A48"]
[WhiteElo "2067"]
[BlackElo "2445"]
[Annotator "NA"]
[PlyCount "80"]
[EventDate "2019.10.10"]
[EventType "swiss"]
[EventCountry "GBR"]
[SourceTitle "playchess.com"]
[Source "ChessBase"]
[SourceQuality "1"]
[TimeControl "40/6000+30:20/3000+30:900+30"]

1. d4 Nf6 2. Nf3 g6 3. Nbd2 c5 4. dxc5 Qa5 5. a3 Qxc5 6. b4 Qc7 7. Bb2 Bg7 8. c4 O-O 9. e3 a5 10. Be2 Nc6 11. Qb3 d6 12. O-O Be6 13. Bc3 Nd7 14. Bxg7 Kxg7 15. Ng5 Bf5 16. e4 Be6 17. Nxe6+ fxe6 18. Qb2+ e5 19. Nf3 Qb6 20. Rad1 axb4 21. axb4 Qxb4 22. Qxb4 Nxb4 23. Rb1 Nc6 24. Rxb7 Nc5 25. Rc7 Ra6 26. Rb1 Kf6 27. Bf1 Rfa8 28. g4 g5 29. h4 h6 30. hxg5+ hxg5 31. Ne1 Nd4 32. Nd3 Nxd3 33. Bxd3 Ne6 34. Rcb7 Nc5 35. Bf1 Nxb7 36. Rxb7 Ra1 37. Rb3 Re1 38. Kg2 Rxe4 39. Kg3 Ra1 40. Bd3 Rg1+ 0-1